XFBL
TEXAS RANGERS @ BOSTON RED SOX
03/06/1982
 
TOP OF THE 1ST
Texas Rangers batting - Pitching for Boston Red Sox : RHP Tom M Carroll
Pitching: RHP Tom M Carroll
Batting: SHB Ron Roenicke 0-0: Called Strike
0-1: Foul Ball, location: 2F
0-2: Strikes out swinging
Batting: LHB Dallas Williams 0-0: Foul Ball, location: 2F
0-1: SINGLE (Groundball, 3D, EV 105.0 MPH)
Batting: LHB Jody Helser 0-0: Called Strike
0-1: Called Strike
0-2: Strikes out swinging
Batting: LHB Ernie Whitt 0-0: Called Strike
0-1: Swinging Strike
0-2: Foul Ball, location: 2F
0-2: Ball
1-2: Ball
2-2: DOUBLE (Line Drive, 89D, EV 110.6 MPH)
Dallas Williams to third
Dallas Williams scores
Batting: RHB Rich Dauer 0-0: Ball
1-0: Ball
2-0: Ground out 3-1 (Groundball, 34, EV 105.0 MPH)
Top of the 1st over - 1 run, 2 hits, 0 errors, 1 left on base; Texas 1 - Boston 0
BOTTOM OF THE 1ST
Boston Red Sox batting - Pitching for Texas Rangers : RHP Chris Rentz
Pitching: RHP Chris Rentz
Batting: LHB Claudell Washington 0-0: Ball
1-0: Bunt missed!
1-1: Foul Ball, location: 2F
1-2: Fly out, F5 (Popup, 56, EV 41.9 MPH)
Batting: RHB Richie Zisk 0-0: Called Strike
0-1: Ball
1-1: Ground out 4-3 (Groundball, 4, EV 91.3 MPH)
Batting: SHB Reggie Smith 0-0: Ball
1-0: Ball
2-0: Called Strike
2-1: Fly out, F6 (Popup, 6, EV 73.1 MPH)
Bottom of the 1st over - 0 runs, 0 hits, 0 errors, 0 left on base; Texas 1 - Boston 0
TOP OF THE 2ND
Texas Rangers batting - Pitching for Boston Red Sox : RHP Tom M Carroll
Batting: RHB Kirby Puckett 0-0: Called Strike
0-1: Foul Ball, location: 2F
0-2: Ball
1-2: Ball
2-2: Foul Ball, location: 2F
2-2: Foul Ball, location: 2F
2-2: Strikes out swinging
Batting: RHB Juan Rodriguez 0-0: Ball
1-0: Ball
2-0: Called Strike
2-1: Ground out 4-3 (Groundball, 4, EV 105.6 MPH)
Batting: RHB George Bjorkman 0-0: Swinging Strike
0-1: Ball
1-1: Foul Ball, location: 2F
1-2: Ball
2-2: Strikes out swinging
Top of the 2nd over - 0 runs, 0 hits, 0 errors, 0 left on base; Texas 1 - Boston 0
BOTTOM OF THE 2ND
Boston Red Sox batting - Pitching for Texas Rangers : RHP Chris Rentz
Batting: LHB Willie Aikens 0-0: Ball
1-0: Ball
2-0: Called Strike
2-1: Ball
3-1: Base on Balls
Batting: LHB Ted May 0-0: Ball
1-0: Called Strike
1-1: Ball
2-1: Fly out, F9 (Flyball, 9S, EV 85.0 MPH)
Batting: LHB Larry Harlow 0-0: Ball
1-0: Ball
2-0: Ball
3-0: Base on Balls
Willie Aikens to second
Batting: SHB Harry Chappas 0-0: Ball
1-0: Ball
2-0: Called Strike
2-1: Foul Ball, location: 2F
2-2: Strikes out swinging
Batting: RHB Josh Grimes 0-0: Foul Ball, location: 2F
0-1: SINGLE (Groundball, 56D, EV 103.1 MPH)
Willie Aikens to third
Larry Harlow to second
Runner from 3rd tries for Home, SAFE, throw by LF to home
Batting: SHB Nelson Norman 0-0: Ball
1-0: Called Strike
1-1: Foul Ball, location: 2F
1-2: Ball
2-2: Strikes out looking
Bottom of the 2nd over - 1 run, 1 hit, 0 errors, 2 left on base; Texas 1 - Boston 1
TOP OF THE 3RD
Texas Rangers batting - Pitching for Boston Red Sox : RHP Tom M Carroll
Batting: RHB Gomez Barahona 0-0: Called Strike
0-1: Swinging Strike
0-2: Ball
1-2: Strikes out swinging
Batting: SHB Ron Roenicke 0-0: Ball
1-0: Ball
2-0: Foul Ball, location: 2F
2-1: Foul Ball, location: 2F
2-2: Ball
3-2: Foul Ball, location: 2F
3-2: Strikes out looking
Batting: LHB Dallas Williams 0-0: Called Strike
0-1: Swinging Strike
0-2: Ball
1-2: Strikes out swinging
Top of the 3rd over - 0 runs, 0 hits, 0 errors, 0 left on base; Texas 1 - Boston 1
BOTTOM OF THE 3RD
Boston Red Sox batting - Pitching for Texas Rangers : RHP Chris Rentz
Batting: LHB Claudell Washington 0-0: Called Strike
0-1: Called Strike
0-2: Ball
1-2: Strikes out swinging
Batting: RHB Richie Zisk 0-0: Ball
1-0: Ball
2-0: Ball
3-0: Called Strike
3-1: Swinging Strike
3-2: Strikes out looking
Batting: SHB Reggie Smith 0-0: Ball
1-0: Foul Ball, location: 2F
1-1: Foul Ball, location: 2F
1-2: Foul Ball, location: 2F
1-2: Ball
2-2: Ball
3-2: Base on Balls
Batting: LHB Willie Aikens 0-0: Foul Ball, location: 2F
0-1: Ball
1-1: Ball
2-1: Ball
3-1: Base on Balls
Reggie Smith to second
Batting: LHB Ted May 0-0: Ball
1-0: Ball
2-0: Ball
3-0: Base on Balls
Reggie Smith to third
Willie Aikens to second
Batting: LHB Larry Harlow 0-0: Called Strike
0-1: Foul Ball, location: 2F
0-2: Foul Ball, location: 2F
0-2: SINGLE (Flyball, 56D, EV 87.5 MPH)
Reggie Smith scores
Willie Aikens to third
Ted May to second
Runner from 3rd tries for Home, SAFE, throw by LF to home
Batting: SHB Harry Chappas 0-0: Ball
1-0: Ball
2-0: Fly out, F9 (Flyball, 89D, EV 101.9 MPH)
Bottom of the 3rd over - 2 runs, 1 hit, 0 errors, 2 left on base; Texas 1 - Boston 3
TOP OF THE 4TH
Texas Rangers batting - Pitching for Boston Red Sox : RHP Tom M Carroll
Batting: LHB Jody Helser 0-0: Ball
1-0: Called Strike
1-1: Swinging Strike
1-2: Strikes out looking
Batting: LHB Ernie Whitt 0-0: Ball
1-0: Ground out 4-3 (Groundball, 4M, EV 101.3 MPH)
Batting: RHB Rich Dauer 0-0: Ball
1-0: Ground out 6-3 (Groundball, 6, EV 78.8 MPH)
Top of the 4th over - 0 runs, 0 hits, 0 errors, 0 left on base; Texas 1 - Boston 3
BOTTOM OF THE 4TH
Boston Red Sox batting - Pitching for Texas Rangers : RHP Chris Rentz
Batting: RHB Josh Grimes 0-0: Ball
1-0: Called Strike
1-1: Swinging Strike
1-2: Ball
2-2: Ground out 5-3 (Groundball, 5, EV 100.0 MPH)
Batting: SHB Nelson Norman 0-0: Foul Ball, location: 2F
0-1: Swinging Strike
0-2: Ball
1-2: Ground out 4-3 (Groundball, 4, EV 88.1 MPH)
Batting: LHB Claudell Washington 0-0: Called Strike
0-1: Ball
1-1: Foul Ball, location: 2F
1-2: Ball
2-2: Strikes out swinging
Bottom of the 4th over - 0 runs, 0 hits, 0 errors, 0 left on base; Texas 1 - Boston 3
TOP OF THE 5TH
Texas Rangers batting - Pitching for Boston Red Sox : RHP Tom M Carroll
Pitching: RHP Roger Alexander
Batting: RHB Kirby Puckett 0-0: Ball
1-0: Ball
2-0: Fly out, F8 (Flyball, 8LD, EV 89.4 MPH)
Batting: RHB Juan Rodriguez 0-0: Foul Ball, location: 2F
0-1: SINGLE (Line Drive, 5D, EV 96.9 MPH)
Batting: RHB George Bjorkman 0-0: Grounds into double play, 6-4-3 (Groundball, 6, EV 89.4 MPH)
Top of the 5th over - 0 runs, 1 hit, 0 errors, 0 left on base; Texas 1 - Boston 3
BOTTOM OF THE 5TH
Boston Red Sox batting - Pitching for Texas Rangers : RHP Chris Rentz
Pitching: RHP Curt Heidenreich
Batting: RHB Richie Zisk 0-0: Ball
1-0: Ball
2-0: Ball
3-0: Called Strike
3-1: Base on Balls
Batting: SHB Reggie Smith 0-0: Ball
Wild Pitch!
Richie Zisk to second
1-0: Swinging Strike
1-1: Ground out 4-3 (Groundball, 34D, EV 101.3 MPH)
Richie Zisk to third
Batting: LHB Willie Aikens 0-0: Ball
1-0: Ball
2-0: Ball
3-0: Called Strike
3-1: Base on Balls
Batting: LHB Ted May 0-0: Fly out, F9 (Flyball, 9, EV 75.0 MPH)
Runner from 3rd tags up, SCORES, throw by RF
Batting: LHB Larry Harlow 0-0: Called Strike
0-1: Swinging Strike
0-2: Foul Ball, location: 2F
0-2: Ball
1-2: Strikes out swinging
Bottom of the 5th over - 1 run, 0 hits, 0 errors, 1 left on base; Texas 1 - Boston 4
TOP OF THE 6TH
Texas Rangers batting - Pitching for Boston Red Sox : RHP Roger Alexander
Batting: RHB Gomez Barahona 0-0: Ball
1-0: Ball
2-0: Called Strike
2-1: Ball
3-1: Foul Ball, location: 2F
3-2: Base on Balls
Batting: SHB Ron Roenicke 0-0: Ball
Gomez Barahona is caught stealing 2nd base 2-6
1-0: Ball
2-0: Swinging Strike
2-1: Ball
3-1: Base on Balls
Batting: LHB Dallas Williams 0-0: Ball
1-0: Ball
2-0: Called Strike
2-1: Ball
3-1: Foul Ball, location: 2F
3-2: Strikes out swinging
Batting: LHB Jody Helser 0-0: Fly out, F6 (Popup, 6S, EV 65.0 MPH)
Top of the 6th over - 0 runs, 0 hits, 0 errors, 1 left on base; Texas 1 - Boston 4
BOTTOM OF THE 6TH
Boston Red Sox batting - Pitching for Texas Rangers : RHP Curt Heidenreich
Batting: SHB Harry Chappas 0-0: Called Strike
0-1: Ball
1-1: Ball
2-1: SOLO HOME RUN (Flyball, 9D, EV 86.9 MPH), Distance : 409 ft
Batting: RHB Josh Grimes 0-0: Ball
1-0: SINGLE (Groundball, 6MD, EV 94.4 MPH)
Batting: SHB Nelson Norman 0-0: Called Strike
0-1: Ball
1-1: Ball
2-1: Ball
3-1: Foul Ball, location: 2F
3-2: Base on Balls
Josh Grimes to second
Pinch Hitting: SHB Dave Collins 0-0: Ball
1-0: Ball
2-0: Foul Ball, location: 2F
2-1: Ball
Wild Pitch!
Josh Grimes to third
Nelson Norman to second
3-1: Base on Balls
Pinch Hitting: SHB Albert Hall 0-0: Ball
1-0: Ball
2-0: Called Strike
2-1: Foul Ball, location: 2F
2-2: GRAND SLAM HOME RUN (Flyball, 89XD, EV 110.6 MPH), Distance : 444 ft
Pitching: RHP Tim Leary
Batting: LHB Daryl Sconiers 0-0: Ground out 6-3 (Groundball, 6, EV 85.6 MPH)
Pinch Hitting: RHB Kelly Heath 0-0: Ball
1-0: Swinging Strike
1-1: Ball
2-1: Swinging Strike
2-2: Strikes out swinging
Batting: LHB Ted May 0-0: Called Strike
0-1: Swinging Strike
0-2: Strikes out swinging
Bottom of the 6th over - 5 runs, 3 hits, 0 errors, 0 left on base; Texas 1 - Boston 9
TOP OF THE 7TH
Texas Rangers batting - Pitching for Boston Red Sox : RHP Roger Alexander
Now at 1B: Steven Mobberley
Now in LF: Kelly Heath
Now in RF: Dave Collins
Batting: LHB Ernie Whitt 0-0: Called Strike
0-1: Ball
1-1: Ball
2-1: Swinging Strike
2-2: Fly out, F3 (Popup, 3F, EV 75.0 MPH)
Batting: RHB Rich Dauer 0-0: Called Strike
0-1: Ground out 4-3 (Groundball, 4, EV 80.0 MPH)
Batting: RHB Kirby Puckett 0-0: Ball
1-0: Ball
2-0: Fly out, F8 (Line Drive, 8LM, EV 87.5 MPH)
Top of the 7th over - 0 runs, 0 hits, 0 errors, 0 left on base; Texas 1 - Boston 9
BOTTOM OF THE 7TH
Boston Red Sox batting - Pitching for Texas Rangers : RHP Tim Leary
Pinch Hitting: RHB Tito Landrum 0-0: Foul Ball, location: 2F
0-1: Swinging Strike
0-2: Strikes out swinging
Pinch Hitting: SHB Scotti Madison 0-0: Called Strike
0-1: Fly out, F7 (Flyball, 78D, EV 83.8 MPH)
Pinch Hitting: RHB Kevin Klettke 0-0: Ball
1-0: Ground out U3 (Groundball, 3S, EV 66.3 MPH)
Bottom of the 7th over - 0 runs, 0 hits, 0 errors, 0 left on base; Texas 1 - Boston 9
TOP OF THE 8TH
Texas Rangers batting - Pitching for Boston Red Sox : RHP Roger Alexander
Now at 2B: Scotti Madison
Now at 3B: Kevin Klettke
Now in CF: Tito Landrum
Batting: RHB Juan Rodriguez 0-0: Fly out, F9 (Line Drive, 9, EV 95.0 MPH)
Batting: RHB George Bjorkman 0-0: Ball
1-0: Called Strike
1-1: Ball
2-1: Ball
3-1: Base on Balls
Pitching: RHP Bruce Sutter
Batting: RHB Gomez Barahona 0-0: TRIPLE (Flyball, 9LD, EV 106.9 MPH)
George Bjorkman scores
Pinch Hitting: SHB Mitch Webster 0-0: Called Strike
0-1: Swinging Strike
0-2: Ball
1-2: Fly out, F4 (Line Drive, 4, EV 70.6 MPH)
Pinch Hitting: LHB Jesus Figueroa 0-0: Ball
1-0: Ball
2-0: Swinging Strike
2-1: Foul Ball, location: 2F
2-2: Strikes out swinging
Top of the 8th over - 1 run, 1 hit, 0 errors, 1 left on base; Texas 2 - Boston 9
BOTTOM OF THE 8TH
Boston Red Sox batting - Pitching for Texas Rangers : RHP Tim Leary
Now in LF: Mitch Webster
Now in CF: Jesus Figueroa
Pinch Hitting: RHB Luis Salazar 0-0: Ball
1-0: Foul Ball, location: 2F
1-1: Ground out 5-3 (Groundball, 25, EV 85.0 MPH)
Batting: SHB Dave Collins 0-0: Called Strike
0-1: TRIPLE (Flyball, 9D, EV 101.9 MPH)
Batting: LHB Steven Mobberley 0-0: Ball
1-0: Swinging Strike
1-1: Ball
2-1: Ball
3-1: Foul Ball, location: 2F
3-2: Foul Ball, location: 2F
3-2: Ground out 4-3 (Groundball, 4, EV 101.3 MPH)
Dave Collins scores
Batting: LHB Daryl Sconiers 0-0: Ball
1-0: Ball
2-0: Ball
3-0: Called Strike
3-1: Foul Ball, location: 2F
3-2: SINGLE (Groundball, 3S, EV 63.1 MPH) (infield hit)
Batting: RHB Kelly Heath 0-0: Swinging Strike
0-1: Fielders Choice at 2nd, 5-4 (Groundball, 56, EV 93.8 MPH)
Bottom of the 8th over - 1 run, 2 hits, 0 errors, 1 left on base; Texas 2 - Boston 10
TOP OF THE 9TH
Texas Rangers batting - Pitching for Boston Red Sox : RHP Bruce Sutter
Now at SS: Luis Salazar
Pinch Hitting: RHB Joe Charboneau 0-0: Foul Ball, location: 2F
0-1: Called Strike
0-2: Foul Ball, location: 2F
0-2: Foul Ball, location: 2F
0-2: Ball
1-2: Foul Ball, location: 2F
1-2: Strikes out swinging
Pinch Hitting: LHB Larry Donofrio 0-0: Swinging Strike
0-1: Swinging Strike
0-2: Ball
1-2: Strikes out swinging
Pinch Hitting: LHB Richie Hebner 0-0: Called Strike
0-1: Ground out 1-3 (Groundball, 15, EV 66.3 MPH)
Top of the 9th over - 0 runs, 0 hits, 0 errors, 0 left on base; Texas 2 - Boston 10
Monday, July 13th, 2020 - OOTP Baseball 21.4 Build 63